 Dungeon Crawl Stone Soup version 0.26-a0-1021-gda264ca44c (webtiles) character file.

Game seed: 5896992038795628742

2808 sahdkjhfkaj the Magician (level 9, -9/40 HPs)
             Began as a Spriggan Fire Elementalist on Dec 8, 2020.
             Was a Follower of Kikubaaqudgha.
             Mangled by Grum
             ... wielding a +1 spear
              (20 damage)
             ... on level 8 of the Dungeon.
             The game lasted 00:24:48 (12641 turns).

sahdkjhfkaj the Magician (SpFE)                    Turns: 12641, Time: 00:24:48

Health: -9/40      AC:  2    Str:  4    XL:     9   Next: 44%
Magic:  14/20      EV: 19    Int: 20    God:    Kikubaaqudgha [*.....]
Gold:   291        SH:  0    Dex: 23    Spells: 6/22 levels left

rFire    . . .     SeeInvis +   v - +4 hand crossbow of Impatience {elec, rPois rN+ Dex+7}
rCold    . . .     Faith    .   (shield restricted)
rNeg     + . .     Spirit   .   a - +0 robe
rPois    +         Reflect  .   (helmet restricted)
rElec    .         Harm     .   (no cloak)
rCorr    .         Rampage  .   (gloves unavailable)
Will     ++...                  (boots unavailable)
Stlth    +++.......             (no amulet)
HPRegen  0.13/turn              h - ring of willpower
MPRegen  0.17/turn              (no ring)

@: very quick
A: very small, unfitting armour, see invisible, speed 3
a: Receive Corpses, Renounce Religion


You were on level 8 of the Dungeon.
You worshipped Kikubaaqudgha.
Kikubaaqudgha was aware of your devotion.
You visited 1 branch of the dungeon, and saw 8 of its levels.

You collected 291 gold pieces.

Inventory:

Hand Weapons
 t - a +0 dagger
 v - the +4 hand crossbow of Impatience (weapon) {elec, rPois rN+ Dex+7}
   (You found it on level 7 of the Dungeon)

   It charges the ammunition it shoots with electricity; occasionally upon a
   hit, such missiles may discharge and cause terrible harm.
   It affects your dexterity (+7).
   It protects you from poison.
   It protects you from negative energy.
Armour
 a - a +0 robe (worn)
Jewellery
 h - a ring of willpower (left hand)
 n - an uncursed ring of ice
Wands
 u - a wand of paralysis (6)
 w - a wand of polymorph (9)
Scrolls
 d - 6 scrolls of enchant armour
 f - 2 scrolls of immolation
 g - a scroll of magic mapping
 m - 5 scrolls of amnesia
 o - a scroll of enchant weapon
 p - 3 scrolls of remove curse
Potions
 b - 3 potions of might
 e - 6 potions of curing
 i - 2 potions of brilliance {unknown}
 j - 3 potions of lignification {unknown}
 k - 2 potions of attraction {unknown}
 l - 3 potions of mutation {unknown}
 q - 3 potions of invisibility {unknown}
 r - 2 potions of haste
 s - a potion of ambrosia {unknown}


   Skills:
 - Level 0.3 Fighting
 - Level 3.0 Dodging
 - Level 3.0 Stealth
 - Level 7.2 Spellcasting
 - Level 4.0 Conjurations
 - Level 7.1 Necromancy
 + Level 5.2 Fire Magic
 - Level 5.0 Evocations


You had 6 spell levels left.
You knew the following spells:

 Your Spells              Type           Power        Failure   Level
a - Foxfire               Conj/Fire      ####         1%          1
b - Conjure Flame         Conj/Fire      ####....     4%          3
c - Inner Flame           Hex/Fire       ###.....     10%         3
d - Sticky Flame          Conj/Fire      ####....     14%         4
e - Corpse Rot            Necr/Air       N/A          3%          2
f - Vampiric Draining     Necr           #####.....   1%          3

Your spell library contained the following spells:

 Spells                   Type           Power        Failure   Level
 Pain                     Necr           ####         1%          1
 Sublimation of Blood     Necr           #####.....   1%          2
 Shock                    Conj/Air       ###.         4%          1
 Sting                    Tmut/Pois      #...         10%         1
 Static Discharge         Conj/Air       ###.....     12%         3
 Poisonous Vapours        Pois/Air       #.....       14%         2
 Swiftness                Air            #.......     14%         2
 Ignite Poison            Fire/Tmut/Pois ##......     14%         3
 Mephitic Cloud           Conj/Pois/Air  ##......     16%         3
 Fireball                 Conj/Fire      ####......   36%         5
 Airstrike                Air            #.........   67%         4
 Olgreb's Toxic Radiance  Pois           #.......     67%         4
 Lightning Bolt           Conj/Air       ###.......   75%         5


Dungeon Overview and Level Annotations

Branches:
Dungeon (8/15)             Temple (0/1) D:6            Lair (0/6) D:8

Altars:
Ashenzari
Kikubaaqudgha
Trog
Uskayaw
Yredelemnul

Shops:
D:6 *

Annotations:
D:3 1 runed translucent door, 1 exclusion, Crazy Yiuf, Ijyb
D:6 big party, exclusions: acid dragon, centaur, hound, jelly and ogre
D:8 exclusion: centaur, Grum


Innate Abilities, Weirdness & Mutations

You are very small and have problems with some larger weapons.
You are too small for most types of armour.
You have supernaturally acute eyesight. (SInv)
You cover ground extremely quickly.


Message History

The wolf resists with significant effort.
The foxfire hits the wolf but does no damage.
The foxfire hits the wolf.
The wolf is moderately wounded.
The wolf closely misses you.
Evoke which item? (* to show all) (? for menu, Esc to quit)
Aiming: Paralyse
Press: ? - help, Shift-Dir - straight line, f/p - wolf
Aim: a wolf (moderately wounded, chance to resist: 39%)
The wolf suddenly stops moving!
The wolf misses you.
Evoke which item? (* to show all) (? for menu, Esc to quit)
Aiming: Paralyse
Press: ? - help, Shift-Dir - straight line, f - wolf, p - wolf
Aim: a wolf (chance to resist: 39%)
The wolf suddenly stops moving!
Grum snarls, "I'll hound you night and day!"
Grum hits you from afar with a +1 spear!!
Ouch! That really hurt!
You die...
Kikubaaqudgha rasps: "You have failed me!
Welcome... death!"

###########
#@h.......#
#.h....(..#
#..g......#
#.........#
#####†....#
#.....# #.....#
########.....#
........######'


You could see Grum and 2 wolves.

Vanquished Creatures
  A gargoyle (D:8)
  A yak (D:8)
  A basilisk (D:8)
  A black bear (D:8)
  2 ice beasts (D:7)
  An orc warrior (D:8)
  A phantom (D:4)
  2 ogres (D:7)
  2 necrophages (D:7)
  3 centaurs
  A wolf (D:7)
  A bullfrog (D:6)
  3 scorpions
  A vampire bat (D:3)
  2 howler monkeys (D:7)
  A bullfrog skeleton (D:4)
  4 hounds
  5 orc wizards
  A centaur skeleton (D:7)
  2 iguanas (D:7)
  Natasha (thrice) (D:3)
  3 worker ants
  2 hound skeletons
  2 worker ant zombies (D:3)
  3 gnolls (D:4)
  5 adders
  2 shadow imps
  2 white imps
  3 ufetubi
  An adder zombie (D:3)
  2 adder skeletons (D:5)
  2 worms (D:3)
  3 dart slugs (D:1)
  4 leopard geckos
  12 orcs
  2 ball pythons
  5 bats
  3 bat skeletons (D:3)
  A bat zombie (D:3)
  2 giant cockroaches
  3 goblins
  7 hobgoblins
  8 kobolds
  2 quokkas
  4 frilled lizards
  A jackal zombie (D:3)
  A leopard gecko skeleton (D:3)
  A quokka skeleton (D:8)
  A quokka zombie (D:3)
  5 rats
131 creatures vanquished.

Vanquished Creatures (others)
  1042 foxfires
  2 fungi (D:8)
  A plant (D:8)
  A withered plant (D:3)
1046 creatures vanquished.

Grand Total: 1177 creatures vanquished

Notes
Turn   | Place    | Note
-------+----------+-------------------------------------------
     0 | D:1      | sahdkjhfkaj the Spriggan Fire Elementalist began the quest
                  | for the Orb.
     0 | D:1      | Reached XP level 1. HP: 9/9 MP: 5/5
     6 | D:1      | Noticed a swamp drake
     6 | D:1      | Noticed a komodo dragon
     6 | D:1      | Noticed a polar bear
     6 | D:1      | Noticed a black mamba
     6 | D:1      | Noticed a swamp worm
   154 | D:1      | Reached skill level 1 in Conjurations
   419 | D:1      | Reached XP level 2. HP: 13/13 MP: 2/6
  1689 | D:2      | Reached XP level 3. HP: 16/16 MP: 4/8
  2555 | D:3      | Reached XP level 4. HP: 21/21 MP: 3/9
  2560 | D:3      | Learned a level 3 spell: Conjure Flame
  2629 | D:3      | Learned a level 3 spell: Inner Flame
  2800 | D:3      | Found a bloodstained altar of Trog.
  2927 | D:3      | You fall into a shaft and drop 3 floors!
  2927 | D:6      | Noticed a bullfrog
  2934 | D:6      | Killed a bullfrog
  2935 | D:6      | Reached XP level 5. HP: 24/24 MP: 4/10
  2954 | D:6      | Noticed an acid dragon
  2954 | D:6      | Noticed a centaur
  2959 | D:6      | Noticed an ogre
  3000 | D:6      | Found a staircase to the Ecumenical Temple.
  3020 | D:6      | Found Vatus Wei's General Store.
  3030 | D:5      | Entered Level 5 of the Dungeon
  4187 | D:3      | Noticed Ijyb
  4262 | D:3      | Found a runed translucent door.
  4263 | D:3      | Noticed Crazy Yiuf
  4541 | D:3      | Found an ancient bone altar of Kikubaaqudgha.
  4545 | D:3      | Reached XP level 6. HP: 28/28 MP: 7/11
  4796 | D:3      | Became a worshipper of Kikubaaqudgha
  4848 | D:3      | Noticed Natasha
  5550 | D:3      | Found a bloodstained altar of Trog.
  5688 | D:3      | Killed Natasha
  5727 | D:3      | Noticed Natasha
  5748 | D:3      | Killed Natasha
  5871 | D:3      | Noticed Natasha
  5875 | D:3      | Killed Natasha
  5921 | D:3      | Learned a level 4 spell: Sticky Flame
  6032 | D:4      | Reached skill level 1 in Necromancy
  6263 | D:4      | Found a basalt altar of Yredelemnul.
  6267 | D:4      | Found a broken altar of Ashenzari.
  6268 | D:4      | Found a hide-covered altar of Uskayaw.
  6536 | D:4      | Reached XP level 7. HP: 32/32 MP: 6/12
  8532 | D:7      | Reached skill level 5 in Evocations
  8736 | D:7      | Reached XP level 8. HP: 37/37 MP: 7/13
  8965 | D:7      | Got a bone hand crossbow
  8965 | D:7      | Identified the +4 hand crossbow of Impatience {elec, rPois
                  | rN+ Dex+7} (You found it on level 7 of the Dungeon)
  9137 | D:7      | Reached skill level 5 in Necromancy
  9862 | D:7      | Reached * piety under Kikubaaqudgha
  9862 | D:7      | Identified Kikubaaqudgha's Reference Book on Darkness
                  | (Kikubaaqudgha gifted it to you on level 7 of the Dungeon)
  9862 | D:7      | Received a gift from Kikubaaqudgha
 10022 | D:7      | Learned a level 2 spell: Corpse Rot
 10202 | D:8      | Found the +15 Maxwell's patent armour {-Cast -Tele rElec
                  | Will+ rCorr}
 10206 | D:8      | Noticed Grum
 10851 | D:8      | Noticed a gargoyle
 11048 | D:8      | Killed a gargoyle
 11049 | D:8      | Reached XP level 9. HP: 40/40 MP: 2/19
 11554 | D:8      | Learned a level 3 spell: Vampiric Draining
 11700 | D:8      | Found a staircase to the Lair.
 11700 | D:8      | Noticed an elephant
 12489 | D:8      | Reached skill level 5 in Fire Magic
 12641 | D:8      | Mangled by Grum

Illustrated notes

Levels and vault maps discovered:
D:1:      onia_arrival_zoo_common, layout_loops_ring
D:2:      layout_rooms
D:3:      layout_rooms, old_standard_altar, kennysheep_vampire_church,
          serial_undead, serial_undead_f, serial_undead_f, serial_undead_f,
          serial_undead_d, uniq_ijyb, uniq_natasha, uniq_crazy_yiuf_cottage
D:4:      layout_gridville, grunt_temple_overflow_open
D:5:      layout_basic, glass_columns_a, due_unseen_surprise
D:6:      layout_cave_pools, marbit_many_paths,
          gammafunk_temple_overflow_statue, minmay_temple_entry_crystal_x,
          serial_shops, nicolae_shop_statue_plus, basic_altar,
          minmay_manual_monstrance
D:7:      layout_gridville, minmay_misc_feat_alley, nicolae_zen_rock_garden
D:8:      layout_gridville, david_lair_generic, enter_ossuary_5,
          grunt_decor_clamped, moated_statue, uniq_grum

Skill      XL: |  1  2  3  4  5  6  7  8  9 |
---------------+----------------------------+-----
Conjurations   | 1 2 3 4 |  4.0
Fire Magic     | 3 4 5 |  5.2
Spellcasting   | 3 6 7 |  7.2
Necromancy     | 1 4 7 |  7.1
Evocations     | 2 5 |  5.0
Fighting       | |  0.3
Dodging        | |  3.0
Stealth        | |  3.0

Action                   |  1- 3 |  4- 6 |  7- 9 || total
-------------------------+-------+-------+-------++-------
Melee: Unarmed           |    14 |    54 |     3 ||    71
       Dagger            |       |       |     7 ||     7
 Cast: Foxfire           |   119 |   212 |   363 ||   694
       Conjure Flame     |       |     2 |       ||     2
       Sticky Flame      |       |       |     1 ||     1
Evoke: Wand              |       |       |     7 ||     7
  Use: Scroll            |     7 |     4 |     7 ||    18
 Stab: Sleeping          |     1 |       |       ||     1
       Paralysed         |       |       |     7 ||     7
Armor: Robe              |     4 |     7 |     2 ||    13
Dodge: Dodged            |    23 |    87 |    71 ||   181

Table legend: (Time is in decaauts)
 A = Elapsed time spent in this place.
 B = Non-inter-level travel time spent in this place.
 C = Inter-level travel time spent in this place.
 D = Time resting spent in this place.
 E = Time spent auto-exploring this place.
 F = Levels seen in this place.
 G = Mean time per level.
                   A        B        C        D        E       F      G
               +--------+--------+--------+--------+--------+-----+--------+
         Total |  10614 |  10415 |    199 |   1985 |   6936 |   8 | 1326.8 |
       Dungeon |  10614 |  10415 |    199 |   1985 |   6936 |   8 | 1326.8 |
               +--------+--------+--------+--------+--------+-----+--------+

Top non-repeatable levels by time:
     D:3: 2269 daAuts
     D:7: 1986 daAuts
     D:8: 1971 daAuts
     D:1: 1369 daAuts
     D:5: 1068 daAuts
     D:4: 957 daAuts
     D:2: 898 daAuts
     D:6: 93 daAuts
